 Dungeon Crawl Stone Soup version 0.29.1-2-gbd0b4ee654 (webtiles) character file.

Game seed: 11594420525995426074

463 nshep25 the Covered (level 6, 0/53 HPs)
             Began as a Minotaur Fighter on Oct 27, 2022.
             Succumbed to Crazy Yiuf's poison
             ... on level 3 of the Dungeon.
             The game lasted 00:08:28 (3708 turns).

nshep25 the Covered (Minotaur Fighter)              Turns: 3708, Time: 00:08:29

Health: 0/53       AC:  8    Str: 23    XL:     6   Next: 79%
Magic:  5/5        EV: 10    Int:  5    God:
Gold:   119        SH:  4    Dex:  9    Spells: 5/5 levels left

rFire   . . .      SeeInvis .   a - +0 war axe
rCold   . . .      Faith    .   c - +0 buckler
rNeg    . . .      Spirit   .   b - +0 scale mail
rPois   .          Reflect  .   (helmet restricted)
rElec   .          Harm     .   n - +0 cloak
rCorr   .          Rampage  .   (no gloves)
Will    .....                   (no boots)
Stlth   ..........              (no amulet)
HPRegen 0.17/turn               (no ring)
MPRegen 0.09/turn               (no ring)

@: lethally poisoned (0 -> -9), on berserk cooldown, slowed, very slow
A: horns 2, retaliatory headbutt
a: no special abilities


You were on level 3 of the Dungeon.
You visited 1 branch of the dungeon, and saw 3 of its levels.
You also visited: Sewer.

You collected 119 gold pieces.

Inventory:

Hand Weapons
 a - a +0 war axe (weapon)
Armour
 b - a +0 scale mail (worn)
 c - a +0 buckler (worn)
 n - a +0 cloak (worn)
Scrolls
 f - 3 scrolls of poison
 k - 3 scrolls of teleportation
 r - 4 scrolls of fog
Potions
 d - 2 potions of might
 e - a potion of haste {unknown}
 g - 3 potions of brilliance
 h - a potion of berserk rage
 p - 2 potions of curing {unknown}
 q - a potion of heal wounds
 s - 2 potions of invisibility


   Skills:
 + Level 4.7 Fighting
 + Level 5.4 Axes
 + Level 5.9 Armour
 + Level 2.0 Dodging
 + Level 0.9 Stealth
 + Level 4.7 Shields


You had 5 spell levels left.
You didn't know any spells.
Your spell library contained the following spells:

 Spells                   Type           Power      Damage    Failure   Level
 Beastly Appendage        Tmut           0%         N/A       86%         1


Dungeon Overview and Level Annotations

Branches:
Dungeon (3/15)              Sewer (visited)

Altars:
Trog


Innate Abilities, Weirdness & Mutations

You have a pair of horns on your head.
You reflexively headbutt those who attack you in melee.


Message History

You barely miss Crazy Yiuf.
Crazy Yiuf is lightly wounded.
You feel very sick.
Crazy Yiuf yells, "Tonal!"
Crazy Yiuf hits you with a +3 quarterstaff of chaos!
You are lethally poisoned!
Crazy Yiuf cries, "Shadow action disdain!"
Crazy Yiuf hits you with a +3 quarterstaff of chaos!
* * * LOW HITPOINT WARNING * * *
A red film seems to cover your vision as you go berserk!
You feel yourself moving faster!
You feel mighty!
You completely miss Crazy Yiuf.
Crazy Yiuf is lightly wounded.
* * * LOW HITPOINT WARNING * * *
You feel very sick.
You slice Crazy Yiuf!!
You kill Crazy Yiuf!
* * * LOW HITPOINT WARNING * * *
You feel very sick.
Your Dodging skill increases to level 2!
* * * LOW HITPOINT WARNING * * *
You feel very sick.
There is an open translucent door, spattered with blood here.
Things that are here:
a +3 quarterstaff of chaos; a +1 cloak
There is a lethal amount of poison in your body!
You are too berserk!
You feel a strong urge to attack something.
* * * LOW HITPOINT WARNING * * *
You feel sick.
* * * LOW HITPOINT WARNING * * *
You feel sick.
You feel your anger nearly subside.
* * * LOW HITPOINT WARNING * * *
You feel sick.
You are too berserk!
You are no longer berserk.
You are exhausted.
You feel yourself slow down.
You die...

#.######.##..................
##...........#...######.......
#...#####.####.### #.......
#.### ### ## #....<.. ##.#
#....... #..# ######## #.###
##### #..)#♣♣♣ ♣♣#..)#
#....).♣♣♣♣.).@.#
##......♣..♣#...#
##)#..♣.♣♣♣##### ###♣♣♣♣♣


There were no monsters in sight!

Vanquished Creatures
  Sigmund (D:2)
  Pargi (Sewer)
  Crazy Yiuf (D:3)
  Jessica (D:3)
  4 adders (D:3)
  A worm (D:2)
  3 dart slugs (D:1)
  An orc (D:3)
  6 endoplasms
  7 giant cockroaches
  8 goblins
  10 hobgoblins
  5 jackals (D:1)
  13 kobolds
  9 quokkas
  9 ball pythons
  5 bats
  9 frilled lizards
  9 rats
103 creatures vanquished.

Vanquished Creatures (others)
  A fungus (D:1)
1 creature vanquished.

Grand Total: 104 creatures vanquished

Notes
Turn   | Place    | Note
-------+----------+-------------------------------------------
     0 | D:1      | nshep25 the Minotaur Fighter began the quest for the Orb.
     0 | D:1      | Reached XP level 1. HP: 19/19 MP: 0/0
    91 | D:1      | Found a faded altar of an unknown god.
   101 | D:1      | Got Plato's Spellbook of Shaping
   117 | D:1      | Reached XP level 2. HP: 27/27 MP: 1/1
   410 | D:1      | Reached XP level 3. HP: 30/33 MP: 2/2
   956 | D:2      | Noticed Sigmund
  1561 | D:2      | Killed Sigmund
  1562 | D:2      | Reached skill level 5 in Armour
  1562 | D:2      | Reached skill level 1 in Dodging
  1562 | D:2      | Reached XP level 4. HP: 4/41 MP: 3/3
  1562 | D:2      | Reached XP level 5. HP: 4/47 MP: 4/4
  2307 | D:2      | Found a bloodstained altar of Trog.
  2578 | D:3      | Noticed Jessica
  2585 | D:3      | Reached XP level 6. HP: 32/53 MP: 5/5
  2588 | D:3      | Killed Jessica
  2633 | D:3      | Found a glowing drain.
  2740 | Sewer    | Entered a sewer
  2788 | Sewer    | Noticed Pargi
  2804 | Sewer    | Killed Pargi
  2805 | Sewer    | Reached skill level 5 in Axes
  3694 | D:3      | Found a runed translucent door.
  3695 | D:3      | Noticed Crazy Yiuf
  3703 | D:3      | Killed Crazy Yiuf
  3707 | D:3      | HP: 2/79 [poisoned by Crazy Yiuf]
  3708 | D:3      | Succumbed to Crazy Yiuf's poison

Illustrated notes

Levels and vault maps discovered:
D:1:      matt_arrival_spirals, layout_loops_ring,
          shapermc_ecumenical_altar_rom_forum
D:2:      layout_rooms, basic_altar, minmay_diced_spiral, uniq_sigmund
D:3:      layout_rooms, portal_sewer_entry_f, minmay_starry_boxes, uniq_jessica,
          uniq_crazy_yiuf_cottage

Skill      XL: |  1  2  3  4  5  6 |
---------------+-------------------+-----
Armour         | 4 5 |  5.9
Fighting       | 4 |  4.7
Shields        | 4 |  4.7
Axes           | 4 5 |  5.4
Dodging        | 1 2 |  2.0
Stealth        | |  0.9

Action                   |  1- 3 |  4- 6 || total
-------------------------+-------+-------++-------
Melee: War axe           |    85 |   136 ||   221
       Headbutt          |    13 |    21 ||    34
  Use: Scroll            |       |    12 ||    12
Armor: Scale mail        |    43 |    71 ||   114
Dodge: Dodged            |    51 |    66 ||   117
Block: Buckler           |    20 |    41 ||    61
